AoeStats
← kovbalu | 144Hz peek. |

African Clearing

505841105Analyzed
2v2 RM · 21d ago on Sep 11, 2026· 48m 6s· 4 players
Game mode
Random Map
Map size
Medium (4 player)
Population
200
Speed
Normal
Resources
Standard
Victory
Conquest
Starting age
Dark Age
Ending age
Imperial Age
RankedLock teamsTeams togetherTeam positionsShared explorationLock speedFull tech treeHidden civsTurbo modeCheats
Victory
Defeat
🇭🇺 Persians · Hungary
1293
+14
🇦🇹 Britons · Austria
1116
+22
🇪🇸 Tatars · Spain
1258
-18
🇪🇸 Persians · Spain
1243
-18
Pos3YDoN86
9:06 Loom
17:10 Feudal Age
20:59 Castle Age
19:08 Double-Bit Axe
20:21 Town Watch
28:11 Horse Collar
31:20 Wheelbarrow
32:39 Scale Barding Armor
33:32 Hand Cart
34:23 Forging
36:38 Chain Barding Armor
36:49 Fletching
37:37 Husbandry
37:48 Bloodlines
38:00 Bodkin Arrow
40:18 Ballistics
43:24 Imperial Age
43:39 Iron Casting
43:27 Gold Mining
43:27 Stone Mining
44:17 Conscription
45:15 Plate Barding Armor
46:04 Blast Furnace
45:05 Cavalier
45:53 Heavy Camel Rider
46:39 Squires
46:25 Gambesons
48:36 Scale Mail Armor
misko jones
11:19 Loom
13:43 Feudal Age
15:08 Double-Bit Axe
17:30 Scale Barding Armor
23:30 Castle Age
22:33 Forging
22:34 Bloodlines
25:08 Husbandry
31:04 Fletching
34:46 Wheelbarrow
36:39 Ballistics
36:35 Hand Cart
38:51 Imperial Age
36:38 Bodkin Arrow
36:49 Padded Archer Armor
36:44 Town Watch
39:43 Gold Mining
39:43 Stone Mining
40:03 Bow Saw
39:53 Bracer
40:53 Chemistry
42:28 Light Cavalry
44:10 Chain Barding Armor
44:26 Iron Casting
43:43 Horse Collar
44:36 Conscription
FinalFantasy
3:56 Loom
14:06 Feudal Age
17:43 Castle Age
15:37 Double-Bit Axe
16:25 Horse Collar
24:53 Husbandry
27:08 Bow Saw
27:27 Scale Barding Armor
29:02 Bloodlines
32:03 Wheelbarrow
31:42 Heavy Plow
34:30 Hand Cart
34:40 Forging
35:58 Chain Barding Armor
36:17 Gold Mining
36:17 Stone Mining
37:12 Iron Casting
41:39 Imperial Age
39:11 Padded Archer Armor
39:01 Fletching
40:33 Leather Archer Armor
41:14 Ballistics
40:22 Elite Skirmisher
41:02 Bodkin Arrow
41:46 Town Watch
42:44 Plate Barding Armor
41:32 Heavy Camel Rider
43:31 Ring Archer Armor
44:58 Blast Furnace
46:39 Cavalier
48:47 Chemistry
kovbalu | 144Hz peek. |
14:34 Loom
18:19 Feudal Age
20:44 Double-Bit Axe
29:17 Castle Age
29:24 Crossbowman
33:58 Pikeman
34:47 Gold Mining
35:10 Fletching
37:51 Gold Shaft Mining
37:35 Bodkin Arrow
38:04 Horse Collar
38:37 Bow Saw
41:52 Ballistics
Connection lost

Rejoining the realm…

Still unreachable

The connection could not be restored.

Session expired

The server has moved on; the page needs a fresh start.